 Dungeon Crawl Stone Soup version 0.19.4-9-g45fd643 (webtiles) character file.

126436 nikopol the Severer (level 16, -12/146 HPs)
             Began as a Minotaur Berserker on Feb 19, 2017.
             Was a High Priest of Trog.
             Mangled by a wolf spider (18 damage)
             ... on level 2 of the Spider Nest on Feb 20, 2017.
             The game lasted 02:05:54 (29873 turns).

nikopol the Severer (Minotaur Berserker)           Turns: 29873, Time: 02:05:55

Health: -12/146    AC: -1    Str: 28    XL:     16   Next: 43%
Magic:  15/15      EV: 18    Int:  4    God:    Trog [*****.]
Gold:   2952       SH:  0    Dex: 14    Spells: 0 memorised, 15 levels left

rFire  + . .     SeeInvis +     a - +4 battleaxe (chop)
rCold  . . .     Gourm    .     q - +2 scale mail {rN+}
rNeg   + . .     Faith    .     (shield currently unavailable)
rPois  +         Spirit   .     Z - +2 hat {SInv}
rElec  .         Reflect  .     C - +2 cloak {rF+}
rCorr  .         Harm     .     D - +2 pair of gloves {Str+3}
MR     +....                    U - +0 pair of boots
Stlth  ..........               h - amulet of regeneration
                                E - ring of flight
                                S - ring of poison resistance

@: corroded
A: retaliatory headbutt, horns 2, slow regeneration 1
a: Berserk, Trog's Hand, Brothers in Arms, Burn Spellbooks, Renounce Religion,
Evoke Flight


You were on level 2 of the Spider Nest.
You worshipped Trog.
Trog was extremely pleased with you.
You were not hungry.

You visited 4 branches of the dungeon, and saw 25 of its levels.
You visited the Abyss 1 time.
You visited 1 bazaar.
You also visited: Volcano.

You collected 3092 gold pieces.
You spent 140 gold pieces at shops.

Inventory:

Hand Weapons
 a - a +4 battleaxe of chopping (weapon)
 z - a +9 longbow of freezing
 I - a +1 executioner's axe of holy wrath
 R - the +12 executioner's axe of Severance {flame, rC+}
   (Trog gifted it to you on level 13 of the Dungeon)

   It has been specially enchanted to burn those struck by it, causing extra
   injury to most foes and up to half again as much damage against particularly
   susceptible opponents.
   Big, fiery blades are also staple armaments of hydra-hunters.
   It protects you from cold.
Missiles
 i - 563 arrows (quivered)
Armour
 m - the +1 ring mail of Honesty {rElec rF++}
   (You found it on level 6 of the Lair of Beasts)

   It greatly protects you from fire.
   It insulates you from electricity.
 q - a +2 scale mail of positive energy (worn)
 C - a +2 cloak of fire resistance (worn)
 D - a +2 pair of gloves of strength (worn)
 U - a +0 pair of boots (worn)
 Z - a +2 hat of see invisible (worn)
Jewellery
 h - an amulet of regeneration (around neck)
 y - an uncursed ring of protection from magic
 E - a ring of flight (right hand)
 S - a ring of poison resistance (left hand)
 Y - an uncursed ring of positive energy
Wands
 t - a wand of iceblast (7/15)
Scrolls
 e - 5 scrolls of teleportation
 l - 9 scrolls of identify
 p - 4 scrolls of fear
 s - 12 scrolls of remove curse
 v - 4 scrolls of blinking
 w - 5 scrolls of recharging
 x - 2 scrolls of fog
 K - 2 scrolls of summoning
 Q - a scroll of silence
 T - 3 scrolls of enchant armour
Potions
 b - 2 potions of berserk rage
 f - 3 potions of magic
 g - 3 potions of invisibility
 j - 4 potions of haste
 k - 9 potions of curing
 r - 7 potions of flight
 u - 8 potions of brilliance
 A - 3 potions of agility
 H - 3 potions of heal wounds
 J - 2 potions of cancellation
 N - 3 potions of resistance
 P - a potion of cure mutation
 V - 3 potions of might
Comestibles
 c - 11 bread rations
 d - a chunk of flesh
 n - 4 royal jellies
 o - a fruit
 G - 8 meat rations
 M - 9 slices of pizza
 W - 3 beef jerkies


   Skills:
 + Level 14.0 Fighting
 * Level 18.6 Axes
 + Level 15.6 Bows
 + Level 14.4 Armour
 + Level 12.8 Dodging


You had 15 spell levels left.
You didn't know any spells.

Dungeon Overview and Level Annotations

Branches:
Dungeon (15/15)            Temple (0/1) D:4            Lair (6/6) D:10
 Shoals (0/4) Lair:3       Spider (2/4) Lair:4        Slime (0/5) Lair:5
    Orc (2/2) D:12            Elf (0/3) Orc:2        Vaults (0/5) D:13
 Depths (0/5) D:15

Altars:
Ashenzari
Cheibriados
Dithmenos
Elyvilon
Gozag
Hepliaklqana
Makhleb
Nemelex Xobeh
Okawaru
Trog
Uskayaw
Xom
Yredelemnul
Zin
The Shining One
Beogh
Jiyva

Shops:
D:10 :   D:12 [   Orc:2 %[[:


Innate Abilities, Weirdness & Mutations

You reflexively headbutt those who attack you in melee.
You have a pair of horns on your head.
You regenerate slowly when monsters are visible.


Message History

The entropy weaver mumbles some strange words.
The entropic weave corrodes you!
You enter the shallow water.
Moving in this stuff is going to be slow.
The entropy weaver mumbles some strange words.
The entropic weave corrodes you! The wolf spider barely misses you.
The wolf spider completely misses you. The tarantella bites you!
The wolf spider closely misses you. The wolf spider bites you.
There is a stone staircase leading up here.
The demonic crawler misses you. The demonic crawler hits you!
* * * LOW HITPOINT WARNING * * *
The demonic crawler barely misses you. The demonic crawler hits you!
* * * LOW HITPOINT WARNING * * *
The demonic crawler hits you!
* * * LOW HITPOINT WARNING * * *
The demonic crawler hits you.
* * * LOW HITPOINT WARNING * * *
The wolf spider hits you!!
You die...

............≈##
...).........≈#
............≈#
...........#####
..........≈≈..≈##
..†........#s..≈##
....^......≈.s.#≈#
...........≈.a.s.##≈###
..........##..ss@.#≈≈≈≈
..........≈....s.)≈≈.≈≈#
.........^#......≈#..≈≈≈
..........#...........≈≈
..........#............#
......................##
.....................#≈
.....................≈#
....................≈≈#


You could see an entropy weaver, a demonic crawler, 2 wolf spiders, an orb
spider and 2 tarantellas.

Vanquished Creatures
  A tentacled starspawn (Abyss:1)
  Gastronok (Lair:2)
  An emperor scorpion (Spider:1)
  Azrael (Spider:1)
  An ettin (Orc:2)
  A fire dragon (Lair:6)
  Josephine (Spider:1)
  8 hydras
  An ice dragon (Lair:6)
  2 catoblepae
  5 centaur warriors
  A death knight (D:15)
  Erica (D:9)
  4 ogre magi
  A tengu warrior (D:15)
  Urug (Lair:4)
  3 orc high priests (Orc:2)
  Sonja (Lair:1)
  A hell knight (Volcano)
  A sun demon (Volcano)
  2 unseen horrors
  A large abomination (Abyss:1)
  8 orc knights
  5 orb spiders (Spider:1)
  4 hill giants
  A wizard (D:15)
  2 deep elf magi
  13 ugly things
  A lindwurm (Lair:6)
  7 orc sorcerers
  7 cyclopes
  3 manticores
  13 elephants
  4 wolf spiders
  A molten gargoyle (Lair:3)
  6 black mambas
  A black mamba (shapeshifter) (Abyss:1)
  6 torpor snails (Lair:6)
  2 naga magi (D:15)
  A smoke demon (Abyss:1)
  4 freezing wraiths
  A gargoyle (D:13)
  13 spiny frogs
  12 komodo dragons
  4 rime drakes
  An efreet (D:14)
  4 kobold demonologists (D:13)
  A yaktaur (shapeshifter) (D:15)
  A red devil (Volcano)
  9 yaktaurs
  An ancient zyme (Abyss:1)
  A demonic crawler (Spider:1)
  4 tyrant leeches (Lair:6)
  4 polar bears
  8 trolls
  18 jumping spiders
  Prince Ribbit (D:7)
  8 hornets (Lair:6)
  9 two-headed ogres
  17 hippogriffs
  16 slime creatures
  21 blink frogs
  3 meliai zombies
  A centaur simulacrum (D:13)
  12 redbacks
  2 vampires
  34 yaks
  2 shadows
  11 tarantellas
  A wyvern (D:9)
  3 hogs (D:7)
  5 starcursed masses (Abyss:1)
  6 wraiths
  A basilisk (Lair:6)
  A fire elemental (Spider:1)
  A human (D:7)
  4 hungry ghosts
  3 steam dragons (Lair:6)
  A chaos spawn (Abyss:1)
  A warg (Orc:2)
  4 mottled dragons
  A soldier ant (D:11)
  14 water moccasins
  3 hell hounds (Spider:1)
  8 porcupines
  Duvessa (D:7)
  5 ice beasts
  2 black bears
  28 orc warriors
  2 sky beasts
  6 phantoms
  15 centaurs
  21 ogres
  16 crocodiles
  7 big kobolds
  16 bullfrogs
  2 wyvern zombies
  Dowan (D:7)
  A hornet simulacrum (D:15)
  2 scorpions (D:10)
  A water moccasin skeleton (D:6)
  2 wyvern skeletons
  A small abomination (Abyss:1)
  15 wights
  19 killer bees
  5 electric eels
  10 howler monkeys
  A lava snake (Lair:3)
  3 centaur zombies
  10 crimson imps
  20 orc priests
  4 hounds
  5 centaur skeletons
  A quasit (D:7)
  5 jellies
  19 orc wizards
  4 bullfrog skeletons
  Natasha (thrice) (D:4)
  5 iguanas
  Terence (D:2)
  14 worker ants
  A killer bee zombie (D:4)
  2 human simulacra (D:13)
  A hound zombie (D:8)
  3 hound skeletons
  A howler monkey zombie (D:10)
  A worker ant zombie (D:10)
  14 adders
  3 shadow imps
  A white imp (Abyss:1)
  An ufetubus (Abyss:1)
  3 oozes
  2 adder skeletons
  A worm (D:2)
  6 leopard geckos
  64 orcs
  9 giant cockroaches
  7 hobgoblins
  13 jackals
  2 quokkas
  2 ball pythons
  8 bats
  5 frilled lizards
  6 goblins
  2 jackal skeletons
  24 kobolds
  A leopard gecko zombie (D:9)
  6 rats
  36 fungi
  63 plants
966 creatures vanquished.

Vanquished Creatures (others)
  An adder (D:9)
  27 fungi
  18 plants
  2 starspawn tentacles (Abyss:1)
48 creatures vanquished.

Grand Total: 1014 creatures vanquished

Notes
Turn   | Place    | Note
-------+----------+-------------------------------------------
     0 | D:1      | nikopol the Minotaur Berserker began the quest for the Orb.
     0 | D:1      | Reached XP level 1. HP: 19/19 MP: 0/0
   262 | D:1      | Reached XP level 2. HP: 26/27 MP: 1/1
   860 | D:2      | Reached skill level 4 in Axes
   867 | D:2      | Reached XP level 3. HP: 33/33 MP: 2/2
   945 | D:2      | Reached ** piety under Trog
  1179 | D:2      | Noticed Terence
  1190 | D:2      | Killed Terence
  1190 | D:2      | Reached XP level 4. HP: 41/41 MP: 3/3
  1282 | D:2      | Found a basalt altar of Yredelemnul.
  1458 | D:2      | Found a glowing silver altar of Zin.
  1458 | D:2      | Found a burning altar of Makhleb.
  1459 | D:2      | Noticed an Executioner
  1459 | D:2      | Noticed an angel
  1890 | D:3      | Reached XP level 5. HP: 43/47 MP: 4/4
  2168 | D:3      | Found a sparkling altar of Nemelex Xobeh.
  2261 | D:3      | Found a faded altar of an unknown god.
  2261 | D:3      | Found a glowing golden altar of the Shining One.
  2267 | D:3      | Found a faded altar of an unknown god.
  2269 | D:3      | Found a bloodstained altar of Trog.
  2272 | D:3      | Found a shattered altar of Ashenzari.
  2346 | D:4      | Found a staircase to the Ecumenical Temple.
  2427 | D:4      | Noticed Natasha
  2448 | D:4      | Killed Natasha
  2448 | D:4      | Reached skill level 5 in Fighting
  2563 | D:4      | Noticed Natasha
  2567 | D:4      | Killed Natasha
  2567 | D:4      | Reached skill level 5 in Axes
  2597 | D:4      | Noticed Natasha
  2604 | D:4      | Killed Natasha
  2604 | D:4      | Reached XP level 6. HP: 47/56 MP: 5/5
  2711 | D:4      | Reached *** piety under Trog
  3164 | D:4      | Found an opulent altar of Gozag.
  3251 | D:5      | Entered Level 5 of the Dungeon
  3261 | D:5      | Found a white marble altar of Elyvilon.
  3361 | D:5      | Reached skill level 5 in Armour
  3361 | D:5      | Reached XP level 7. HP: 58/62 MP: 6/6
  3513 | D:5      | Reached skill level 1 in Bows
  3590 | D:5      | Reached skill level 6 in Axes
  3590 | D:5      | Reached skill level 5 in Dodging
  3700 | D:5      | Found an iron altar of Okawaru.
  3901 | D:5      | Reached XP level 8. HP: 70/70 MP: 7/7
  4121 | D:6      | Reached skill level 7 in Axes
  4403 | D:6      | Reached skill level 5 in Bows
  4568 | D:6      | Reached **** piety under Trog
  4688 | D:6      | Reached skill level 8 in Axes
  4929 | D:7      | Reached XP level 9. HP: 75/79 MP: 8/8
  5012 | D:7      | Received a gift from Trog
  5288 | D:7      | Found a shimmering altar of Xom.
  5452 | D:7      | Reached skill level 9 in Axes
  5547 | D:7      | Noticed Prince Ribbit
  5571 | D:7      | Killed Prince Ribbit
  5719 | D:7      | Noticed Duvessa
  5720 | D:7      | Noticed Dowan
  5731 | D:7      | Killed Duvessa
  5737 | D:7      | Killed Dowan
  5882 | D:7      | Reached XP level 10. HP: 88/88 MP: 9/9
  6004 | D:7      | Reached skill level 10 in Axes
  6375 | D:8      | Received a gift from Trog
  6395 | D:8      | Found a shadowy altar of Dithmenos.
  6506 | D:8      | Found an iron altar of Okawaru.
  6862 | D:9      | Noticed Erica
  6871 | D:9      | Killed Erica
  7206 | D:9      | Found a hazy altar of Hepliaklqana.
  7225 | D:9      | Found a hide-covered altar of Uskayaw.
  7242 | D:9      | Reached ***** piety under Trog
  7358 | D:9      | Noticed a hill giant
  7367 | D:9      | Killed a hill giant
  7367 | D:9      | Reached skill level 11 in Axes
  7685 | D:10     | Entered Level 10 of the Dungeon
  7688 | D:10     | Noticed a hill giant
  7893 | D:10     | Reached XP level 11. HP: 83/97 MP: 10/10
  7940 | D:10     | Killed a hill giant
  8240 | D:10     | Received a gift from Trog
  8616 | D:10     | Received a gift from Trog
  8845 | D:10     | Found a staircase to the Lair.
  9018 | D:10     | Found Tiraluu's Book Boutique.
  9111 | D:10     | Received a gift from Trog
  9984 | D:11     | Found a runed door.
  9988 | D:11     | Found a runed door.
 10252 | D:11     | Reached skill level 12 in Axes
 10680 | D:11     | Reached skill level 10 in Bows
 10929 | Lair:1   | Entered Level 1 of the Lair of Beasts
 10956 | Lair:1   | Noticed Sonja
 11066 | Lair:1   | Cast into level 1 of the Abyss (Sonja)
 11066 | Abyss:1  | Found a corrupted altar of Lugonu.
 11121 | Abyss:1  | Found a corrupted altar of Lugonu.
 11139 | Abyss:1  | Noticed a tentacled starspawn
 11150 | Abyss:1  | Killed a tentacled starspawn
 11150 | Abyss:1  | Reached skill level 10 in Armour
 11214 | Abyss:1  | Noticed a large abomination
 11228 | Abyss:1  | Killed a large abomination
 11228 | Abyss:1  | Reached skill level 10 in Fighting
 11251 | Abyss:1  | Reached XP level 12. HP: 29/106 MP: 11/11
 11392 | Abyss:1  | Noticed a starcursed mass
 11425 | Lair:1   | Escaped the Abyss
 11550 | Lair:1   | Noticed a six-headed hydra
 11561 | Lair:1   | Killed an eight-headed hydra
 11561 | Lair:1   | Received a gift from Trog
 11805 | Lair:1   | Killed Sonja
 11968 | Lair:1   | Reached skill level 13 in Axes
 12642 | Lair:2   | Found a dark tunnel.
 12675 | Volcano  | Entered a volcano
 12970 | Volcano  | Received a gift from Trog
 13166 | Lair:2   | Noticed a catoblepas
 13200 | Lair:2   | Killed a catoblepas
 13617 | Lair:2   | Found a snail-covered altar of Cheibriados.
 13618 | Lair:2   | Noticed Gastronok
 13662 | Lair:2   | Killed Gastronok
 13662 | Lair:2   | Reached skill level 14 in Axes
 13662 | Lair:2   | Reached XP level 13. HP: 90/116 MP: 12/12
 14147 | Lair:2   | Received a gift from Trog
 14984 | Lair:3   | Reached skill level 10 in Dodging
 15142 | Lair:3   | Found a staircase to the Shoals.
 15612 | Lair:4   | Received a gift from Trog
 15943 | Lair:4   | Noticed Urug
 15959 | Lair:4   | Killed Urug
 16150 | Lair:4   | Received a gift from Trog
 16181 | Lair:4   | Reached skill level 15 in Axes
 16604 | Lair:4   | Found a hole to the Spider Nest.
 17074 | Lair:5   | Found a viscous altar of Jiyva.
 17074 | Lair:5   | Found a staircase to the Slime Pits.
 17422 | Lair:5   | Reached XP level 14. HP: 95/125 MP: 13/13
 17828 | Lair:6   | Entered Level 6 of the Lair of Beasts
 18138 | Lair:5   | HP: 6/126 [poisoned by a spiny frog]
 19158 | Lair:6   | Paralysed by a hornet for 3 turns
 19162 | Lair:6   | Received a gift from Trog
 19361 | Lair:6   | Found a runed door.
 19385 | Lair:6   | Paralysed by a hornet for 3 turns
 19936 | Lair:6   | Got a shimmering ring mail
 19947 | Lair:6   | Identified the +1 ring mail of Honesty {rElec rF++} (You found it on level 6 of the Lair of Beasts)
 20140 | Lair:6   | Reached skill level 16 in Axes
 21137 | D:12     | Found a staircase to the Orcish Mines.
 21229 | D:12     | Found Baqydoh's Antique Armour Emporium.
 21616 | Orc:1    | Entered Level 1 of the Orcish Mines
 21725 | Orc:2    | Entered Level 2 of the Orcish Mines
 21867 | Orc:1    | Found a roughly hewn altar of Beogh.
 21917 | Orc:2    | Received a gift from Trog
 22084 | Orc:2    | Found a flickering gateway to a bazaar.
 22105 | Bazaar   | Entered a bazaar
 22107 | Bazaar   | Found Zusky's Assorted Antiques.
 22111 | Bazaar   | Found Qatat's Antique Armour Boutique.
 22111 | Bazaar   | Found Sieh's Assorted Antiques.
 22111 | Bazaar   | Found Epeusuch's Gadget Boutique.
 22145 | Bazaar   | Bought a scroll labeled UCU TUBIEDO for 14 gold pieces
 22204 | Orc:2    | Found a staircase to the Elven Halls.
 22651 | Orc:2    | Reached XP level 15. HP: 133/134 MP: 14/14
 22657 | Orc:2    | Gained mutation: You regenerate slowly when monsters are visible. [a neqoxec]
 22658 | Orc:2    | Received a gift from Trog
 22869 | Orc:1    | Found a roughly hewn altar of Beogh.
 23561 | Orc:2    | Found Zaebrauj's Food Shoppe.
 23561 | Orc:2    | Found Neniumoss's Book Boutique.
 23565 | Orc:2    | Found Ziodiminn's Antique Armour Shoppe.
 23565 | Orc:2    | Found Sejot's Armour Boutique.
 23591 | Orc:2    | Bought a +0 pair of gloves of strength for 126 gold pieces
 24217 | D:13     | Reached ****** piety under Trog
 24368 | D:13     | Reached skill level 17 in Axes
 24417 | D:13     | Received a gift from Trog
 24693 | D:13     | Reached skill level 15 in Bows
 24860 | D:13     | Received a gift from Trog
 24964 | D:13     | Received a gift from Trog
 24965 | D:13     | Got a warped executioner's axe {god gift}
 24966 | D:13     | Identified the +12 executioner's axe of Severance {flame, rC+} (Trog gifted it to you on level 13 of the Dungeon)
 25174 | D:13     | Found a gate to the Vaults.
 26278 | D:14     | Got a shimmering longbow
 26279 | D:14     | Identified the +0 longbow of Balance {venom, Str+9 Int+3} (You found it on level 14 of the Dungeon)
 26298 | D:14     | Received a gift from Trog
 26695 | D:15     | Entered Level 15 of the Dungeon
 27402 | D:15     | Reached XP level 16. HP: 144/144 MP: 15/15
 27531 | D:15     | Reached skill level 18 in Axes
 27806 | D:15     | Found a staircase to the Depths.
 27900 | D:15     | Received a gift from Trog
 28173 | Spider:1 | Entered Level 1 of the Spider Nest
 28766 | Spider:1 | Noticed Azrael
 28781 | Spider:1 | Killed Azrael
 29052 | Spider:1 | Noticed Josephine
 29062 | Spider:1 | Killed Josephine
 29873 | Spider:2 | HP: 6/146 [demonic crawler (2)]
 29873 | Spider:2 | Mangled by a wolf spider

Skill      XL: |  1  2  3  4  5  6  7  8  9 10 11 12 13 14 15 16 |
---------------+-------------------------------------------------+-----
Fighting       | 4 5 6 7 8 9 10 11 12 13 14 | 14.0
Axes           | 4 5 6 8 9 11 12 14 15 16 17 18 | 18.6
Armour         | 3 4 5 6 7 8 10 11 12 13 14 | 14.4
Dodging        | 3 4 5 6 7 8 9 10 11 12 | 12.8
Bows           | 2 5 7 9 10 12 13 14 15 | 15.6

Action                   |  1- 3 |  4- 6 |  7- 9 | 10-12 | 13-15 | 16-18 || total
-------------------------+-------+-------+-------+-------+-------+-------++-------
Melee: Hand axe          |    73 |    63 |       |   186 |       |       ||   322
       Headbutt          |     9 |    17 |    32 |   160 |   157 |    26 ||   401
       War axe           |       |    33 |   171 |    27 |       |       ||   231
       Battleaxe         |       |       |       |   432 |   653 |    97 ||  1182
 Fire: Shortbow          |       |       |   186 |   515 |  1188 |       ||  1889
       Longbow           |       |       |       |       |   122 |   148 ||   270
Invok: Berserk           |     1 |     1 |     1 |     8 |     4 |       ||    15
       Burn Spellbooks   |       |       |       |     2 |     2 |       ||     4
       Trog's Hand       |       |       |       |       |     1 |       ||     1
 Abil: Stop Flying       |       |       |       |       |       |     1 ||     1
       Evoke Flight      |       |       |       |       |       |     1 ||     1
  Use: Scroll            |       |       |     3 |    14 |    24 |     1 ||    42
       Potion            |       |       |       |       |     1 |       ||     1
  Eat: Chunk             |     1 |     6 |     7 |    31 |    44 |     8 ||    97
       Meat ration       |       |     1 |       |       |       |       ||     1
       Beef jerky        |       |       |       |     2 |     1 |       ||     3
       Fruit             |       |       |       |     2 |       |       ||     2
Armor: Chain mail        |    33 |       |       |       |       |       ||    33
       Animal skin       |     1 |       |       |       |       |       ||     1
       Scale mail        |       |    43 |    88 |   189 |   302 |   112 ||   734
       Ring mail         |       |       |       |       |     8 |       ||     8
Dodge: Dodged            |    25 |    60 |   155 |   355 |   604 |   156 ||  1355
